 Dungeon Crawl Stone Soup version 0.27-a0-1308-gc08437e49b (webtiles) character file.

Game seed: 8563400050944104554

85 senseless the Vexing (level 4, -4/25 HPs)
             Began as a Deep Elf Arcane Marksman on June 18, 2021.
             Killed from afar by Natasha (9 damage)
             ... with a magic dart
             ... on level 2 of the Dungeon.
             The game lasted 00:07:19 (1917 turns).

senseless the Vexing (Deep Elf Arcane Marksman)     Turns: 1917, Time: 00:07:20

Health: -4/25      AC:  4    Str:  7    XL:     4   Next: 25%
Magic:  10/10      EV: 13    Int: 19    God:
Gold:   29         SH:  0    Dex: 15    Spells: 5/8 levels left

rFire    . . .     SeeInvis .   a - +0 shortbow
rCold    . . .     Faith    .   (shield currently unavailable)
rNeg     . . .     Spirit   .   d - +0 robe
rPois    .         Reflect  .   (no helmet)
rElec    .         Harm     .   (no cloak)
rCorr    .         Rampage  .   g - +0 pair of gloves
Will     .....                  f - +0 pair of boots
Stlth    +.........             (no amulet)
HPRegen  0.08/turn              (no ring)
MPRegen  0.12/turn              (no ring)

@: slowed, very slow
A: no striking features
a: no special abilities


You were on level 2 of the Dungeon.
You visited 1 branch of the dungeon, and saw 2 of its levels.

You collected 29 gold pieces.

Inventory:

Hand Weapons
 a - a +0 shortbow (weapon)
Missiles
 c - 48 arrows (quivered ammo)
 j - 8 curare-tipped darts
Armour
 d - a +0 robe (worn)
 f - a +0 pair of boots (worn)
 g - a +0 pair of gloves (worn)
Scrolls
 e - 3 scrolls of identify {unknown}
 i - a scroll of amnesia {unknown}
 k - a scroll of enchant weapon {unknown}
 l - a scroll of summoning {unknown}
 m - a scroll of noise {unknown}
 n - a scroll of teleportation {unknown}
Potions
 b - 2 potions of curing {unknown}
 h - a potion of might {unknown}


   Skills:
 + Level 1.2 Fighting
 + Level 4.1 Bows
 + Level 2.9 Dodging
 + Level 2.7 Spellcasting
 + Level 4.8 Hexes


You had 5 spell levels left.
You knew the following spells:

 Your Spells              Type           Power      Damage    Failure   Level
a - Corona                Hex            23%        N/A       2%          1
b - Slow                  Hex            21%        N/A       3%          2

Your spell library contained the following spells:

 Spells                   Type           Power      Damage    Failure   Level
 Inner Flame              Hex/Fire       11%        N/A       17%         3
 Portal Projectile        Hex/Tloc       22%        N/A       17%         3
 Cause Fear               Hex            10%        N/A       22%         4
 Leda's Liquefaction      Hex/Erth       5%         N/A       50%         4


Dungeon Overview and Level Annotations

Branches:
Dungeon (2/15)

Altars:

Annotations:
D:1 1 runed translucent door
D:2 Natasha


Message History

You shoot an arrow. The arrow closely misses Natasha.
Natasha barely misses you. The shadow imp closely misses you.
Natasha mumbles some strange words.
Natasha shimmers violently.
Natasha claws you.
Fire: 52 arrows
Press: ? - help, Q - select action, (/) - cycle Shift-Dir - straight line, f/p - Natasha
Aim: Natasha (severely wounded, 53% to hit)
You shoot an arrow. The arrow closely misses Natasha.
Natasha closely misses you.
Unknown command.
Fire: 51 arrows
Press: ? - help, Q - select action, (/) - cycle Shift-Dir - straight line, f/p - Natasha
Aim: Natasha (severely wounded, 53% to hit)
You shoot an arrow. The arrow misses Natasha.
Natasha claws you but does no damage. The crimson imp closely misses you.
Natasha claws you but does no damage.
The crimson imp blinks!
Fire: 50 arrows
Press: ? - help, Q - select action, (/) - cycle Shift-Dir - straight line, f/p - Natasha
Aim: Natasha (severely wounded, 53% to hit)
You shoot an arrow.
The arrow hits Natasha but does no damage.
Natasha is severely wounded.
The shadow imp hits you.
* * * LOW HITPOINT WARNING * * *
Natasha stares at you and mumbles some strange words.
You feel as though you will be slow longer.
The crimson imp barely misses you. The shadow imp closely misses you.
Natasha claws you.
* * * LOW HITPOINT WARNING * * *
Fire: 49 arrows
Press: ? - help, Q - select action, (/) - cycle Shift-Dir - straight line, f/p - Natasha
Aim: Natasha (severely wounded, 53% to hit)
You shoot an arrow.
The arrow hits Natasha but does no damage.
Natasha is severely wounded.
The crimson imp barely misses you. The shadow imp misses you.
Natasha casts a spell at you. The magic dart hits you!
You die...

#.#.####.####.#########.........#
................................'
#.#.####.##.#.###.#####.........#
....####.##.#.###.# #.........#
..####.#.......#..# #^.........
.......######..#..# ######.....
...............#..# #.....
######.#######.#.5# #.....
####.#.###...#.#@h#### #.....
.............'.(5....#######.####
####.#.###(..#(#...(.............
...#.#.# #...#.#.####.######.####
##.#.#.# #####.#.# #..# #.#
<#.#.#.# #.#.#####.# #.# ##.#.#.#
#.#.....#.# #.# ...#.#.#
#.#.....#.# #.#### ####.#..
#.#.....#.# #.....


You could see Natasha, a crimson imp (summoned) and a shadow imp (summoned).

Vanquished Creatures
  Natasha (D:2)
  2 adders (D:2)
  A worm (D:2)
  2 endoplasms
  2 giant cockroaches (D:1)
  A goblin (D:1)
  3 hobgoblins (D:1)
  6 jackals
  4 quokkas (D:1)
  6 ball pythons
  A bat (D:1)
  4 kobolds
  5 rats
38 creatures vanquished.

Notes
Turn   | Place    | Note
-------+----------+-------------------------------------------
     0 | D:1      | senseless the Deep Elf Arcane Marksman began the quest for
                  | the Orb.
     0 | D:1      | Reached XP level 1. HP: 11/11 MP: 5/5
     1 | D:1      | Found a runed translucent door.
   157 | D:1      | Reached XP level 2. HP: 9/16 MP: 6/6
  1085 | D:2      | Reached XP level 3. HP: 20/20 MP: 6/8
  1088 | D:2      | Learned a level 2 spell: Slow
  1424 | D:2      | Reached skill level 1 in Fighting
  1647 | D:2      | Noticed Natasha
  1657 | D:2      | Killed Natasha
  1901 | D:2      | Reached XP level 4. HP: 8/25 MP: 8/10
  1906 | D:2      | Noticed Natasha
  1917 | D:2      | Killed from afar by Natasha

Illustrated notes

Levels and vault maps discovered:
D:1:      dpeg_arrival_caged_fury, layout_basic
D:2:      layout_basic, grunt_ministairs_11, uniq_natasha

Skill      XL: |  1  2  3 |
---------------+----------+-----
Bows           | 3 4 |  4.1
Spellcasting   | 2 |  2.7
Fighting       | 1 |  1.2
Dodging        | |  2.9
Hexes          | |  4.8

Action                   |  1- 3 |  4- 6 || total
-------------------------+-------+-------++-------
 Fire: Shortbow          |   109 |    16 ||   125
 Cast: Corona            |    33 |       ||    33
       Slow              |     4 |       ||     4
Armor: Robe              |    14 |     4 ||    18
Dodge: Dodged            |    28 |    19 ||    47

Table legend: (Time is in decaauts)
 A = Elapsed time spent in this place.
 B = Non-inter-level travel time spent in this place.
 C = Inter-level travel time spent in this place.
 D = Time resting spent in this place.
 E = Time spent auto-exploring this place.
 F = Levels seen in this place.
 G = Mean time per level.
                   A        B        C        D        E       F      G
               +--------+--------+--------+--------+--------+-----+--------+
         Total |   1936 |   1932 |      4 |      4 |   1645 |   2 |  968.0 |
       Dungeon |   1936 |   1932 |      4 |      4 |   1645 |   2 |  968.0 |
               +--------+--------+--------+--------+--------+-----+--------+

Top non-repeatable levels by time:
     D:1: 1049 daAuts
     D:2: 887 daAuts
